 Dungeon Crawl Stone Soup version 0.27.1-4-g1640c2035a (webtiles) character file.

Game seed: 2840486351942355254

232 croobank the Digger (level 5, -12/39 HPs)
             Began as a Demigod Earth Elementalist on Nov 16, 2021.
             Mangled by a two-headed ogre (25 damage)
             ... on level 5 of the Dungeon.
             The game lasted 00:32:52 (4602 turns).

croobank the Digger (Demigod Earth Elementalist)    Turns: 4602, Time: 00:32:53

Health: -12/39     AC:  8    Str: 13    XL:     5   Next: 45%
Magic:  12/12      EV: 11    Int: 17    God:
Gold:   121        SH:  0    Dex: 20    Spells: 5/9 levels left

rFire    . . .     SeeInvis .   c - +0 morningstar (protect)
rCold    . . .     Faith    .   (no shield)
rNeg     . . .     Spirit   .   o - +1 ring mail
rPois    .         Reflect  .   k - +2 hat
rElec    .         Harm     .   (no cloak)
rCorr    .         Rampage  .   (no gloves)
Will     .....                  (no boots)
Stlth    ++........             (no amulet)
HPRegen  0.13/turn              e - +6 ring of dexterity
MPRegen  0.13/turn              (no ring)

@: no status effects
A: high mp 1, forlorn
a: no special abilities


You were on level 5 of the Dungeon.
You visited 1 branch of the dungeon, and saw 5 of its levels.

You collected 121 gold pieces.

Inventory:

Hand Weapons
 c - a +0 morningstar of protection (weapon)
 h - a +0 halberd
 t - a +4 quarterstaff of chaos
 u - a +1 dagger of venom
Missiles
 a - 9 poisoned darts
 p - 25 stones
 q - 9 boomerangs (quivered)
Armour
 b - a +0 chain mail
 k - a +2 hat (worn)
 o - a +1 ring mail (worn)
Jewellery
 e - a +6 ring of dexterity (left hand)
Wands
 m - a wand of iceblast (5)
 s - a wand of flame (13)
Scrolls
 n - a scroll of magic mapping
Potions
 g - 2 potions of attraction
 i - a potion of cancellation {unknown}
 j - a potion of degeneration {unknown}
 l - a potion of mutation {unknown}
 r - a potion of magic {unknown}


   Skills:
 + Level 0.3 Fighting
 - Level 0.8 Short Blades
 * Level 1.9 Maces & Flails
 - Level 0.9 Polearms
 + Level 0.1 Armour
 + Level 2.5 Dodging
 + Level 2.3 Stealth
 + Level 2.7 Spellcasting
 + Level 0.8 Transmutations
 + Level 3.7 Earth Magic


You had 5 spell levels left.
You knew the following spells:

 Your Spells              Type           Power      Damage    Failure   Level
a - Sandblast             Erth           28%        2d8       9%          1
b - Ensorcelled Hibernat  Hex/Ice        4%         N/A       52%         2
c - Corona                Hex            2%         N/A       36%         1

Your spell library contained the following spells:

 Spells                   Type           Power      Damage    Failure   Level
 Passwall                 Tmut/Erth      8%         N/A       24%         2
 Stone Arrow              Conj/Erth      16%        3d8       50%         3
 Corpse Rot               Necr/Air       N/A        N/A       52%         2
 Poisonous Vapours        Pois/Air       4%         N/A       52%         2
 Call Canine Familiar     Summ           2%         N/A       75%         3
 Portal Projectile        Hex/Tloc       4%         N/A       75%         3
 Tukima's Dance           Hex            2%         N/A       75%         3
 Petrify                  Tmut/Erth      10%        N/A       83%         4
 Leda's Liquefaction      Hex/Erth       4%         N/A       88%         4
 Freezing Cloud           Conj/Ice/Air   1%         6-21      100%        5


Dungeon Overview and Level Annotations

Branches:
Dungeon (5/15)
 Temple: D:4-7

Shops:
D:1 [


Innate Abilities, Weirdness & Mutations

Your attributes grow dramatically as you level up.
You have an increased reservoir of magic. (+10% MP)
You shall have no god before yourself.


Message History

The two-headed ogre shouts in stereo!
Found an escape hatch in the floor.
Found a stone staircase leading down.
Aiming: Iceblast
Press: ? - help, Shift-Dir - straight line The mass of ice explodes!
The iceblast engulfs the two-headed ogre.
The two-headed ogre is lightly wounded.
Press: ? - help, v - describe, . - travel The floor.
Okay, then.
As you read the scroll labelled JOREFR EREO, it crumbles to dust.
Magic quickly surges around you.
It was a scroll of vulnerability.
The two-headed ogre closely misses you. The two-headed ogre misses you.
Found a scroll labelled NYOPOTERHO and a ring mail.
You hear the rusting of a very distant drain.
You see here a scroll labelled SOSERU WUCWICY.
You see here a +0 ring mail.
There is an escape hatch in the floor here.
Found a scroll labelled PUPOTU VIRYW.
You see here a scroll labelled SOSERU WUCWICY.
d - a scroll labelled SOSERU WUCWICY You feel your willpower return.
You see here a scroll labelled NYOPOTERHO.
You hear the rusting of a very distant drain.
There is an escape hatch in the floor here.
The two-headed ogre barely misses you. x2
You slide downwards.
The hatch slams shut behind you.
Found a stone staircase leading down.
As you read the scroll labelled SOSERU WUCWICY, it crumbles to dust.
It is a scroll of enchant armour.
Your +0 ring mail glows green for a moment.
The two-headed ogre hits you with a +0 giant club!
The two-headed ogre hits you with a +0 giant spiked club!!
* * * LOW HITPOINT WARNING * * *
The howler monkey zombie closely misses you.
You feel better.
The howler monkey zombie hits you but does no damage.
The two-headed ogre hits you with a +0 giant club!!
Ouch! That really hurt!
You die...

#.# ..# #.. #.#
# .. #.# .#
#..###.###..##.
#...Z........
##.#.O.......
#@####.### #.#
# #.. ####


You could see a two-headed ogre and a howler monkey zombie.

Vanquished Creatures
  An orc priest (D:3)
  Crazy Yiuf (D:3)
  Jessica (D:3)
  3 gnolls (D:2)
  4 adders
  3 worms
  2 dart slugs
  8 orcs (D:3)
  4 bats
  4 endoplasms
  4 giant cockroaches
  4 goblins
  A hobgoblin (D:3)
  3 jackals (D:1)
  5 quokkas
  10 ball pythons
  2 frilled lizards (D:1)
  4 kobolds
  2 rats (D:1)
66 creatures vanquished.

Notes
Turn   | Place    | Note
-------+----------+-------------------------------------------
     0 | D:1      | croobank the Demigod Earth Elementalist began the quest for
                  | the Orb.
     0 | D:1      | Reached XP level 1. HP: 14/14 MP: 5/5
    22 | D:1      | Found Ducloe's Antique Armour Shop.
   394 | D:1      | Reached XP level 2. HP: 18/20 MP: 7/7
  1082 | D:1      | Reached skill level 3 in Earth Magic
  1291 | D:2      | Reached XP level 3. HP: 9/26 MP: 2/8
  1526 | D:2      | Learned a level 2 spell: Ensorcelled Hibernation
  2021 | D:2      | Learned a level 1 spell: Corona
  2507 | D:2      | HP: 1/26 [gnoll (8)]
  2871 | D:2      | Reached XP level 4. HP: 15/33 MP: 8/10
  3546 | D:3      | Reached XP level 5. HP: 35/38 MP: 12/12
  3680 | D:3      | Found a runed translucent door.
  3681 | D:3      | Noticed Crazy Yiuf
  3694 | D:3      | Killed Crazy Yiuf
  3695 | D:3      | Reached skill level 1 in Maces & Flails
  4081 | D:3      | Noticed Jessica
  4082 | D:3      | Killed Jessica
  4305 | D:4      | Noticed a two-headed ogre
  4598 | D:5      | Entered Level 5 of the Dungeon
  4602 | D:5      | Mangled by a two-headed ogre

Illustrated notes

Levels and vault maps discovered:
D:1:      pf_arrival_petrified_forest, layout_basic,
          shapermc_ecumenical_altar_notcrosses, serial_shops,
          nicolae_shop_behind_doors, minmay_octomino_j4
D:2:      layout_loops_ring, basic_altar, grunt_ministairs_2
D:3:      kennysheep_six_static_rooms, layout_basic, kennysheep_another_room,
          kennysheep_jessica_study, uniq_crazy_yiuf_cottage
D:4:      layout_basic, gup_sewer_entry_glass, serial_shops,
          kennysheep_mini_moat, kennysheep_small_spiral
D:5:      layout_loops_ring, nemelex_spade_bored_becter, corexii_shack,
          chequers_decorated_corner, nicolae_elemental_shop, uniq_sigmund

Skill      XL: |  1  2  3  4  5 |
---------------+----------------+-----
Dodging        | 2 |  2.5
Spellcasting   | 2 |  2.7
Stealth        | 2 |  2.3
Earth Magic    | 3 |  3.7
Maces & Flails | 1 |  1.9
Fighting       | |  0.3
Short Blades   | |  0.8
Polearms       | |  0.9
Armour         | |  0.1
Transmutations | |  0.8

Action                   |  1- 3 |  4- 6 || total
-------------------------+-------+-------++-------
Melee: Unarmed           |    23 |       ||    23
       Short sword       |    47 |       ||    47
       Morningstar       |       |    52 ||    52
       Halberd           |       |     7 ||     7
Throw: Boomerang         |       |     1 ||     1
 Cast: Sandblast         |    42 |    11 ||    53
       Ensorcelled Hiber |     1 |     2 ||     3
Evoke: Wand              |     1 |     7 ||     8
  Use: Scroll            |     2 |     3 ||     5
       Potion            |     4 |     1 ||     5
 Stab: Sleeping          |     2 |     2 ||     4
Armor: Robe              |    21 |     2 ||    23
       Ring mail         |       |    23 ||    23
Dodge: Dodged            |    69 |    52 ||   121
